 Dungeon Crawl Stone Soup version 0.27.1-1-g398f81649c (webtiles) character file.

Game seed: 4635370437258530146

122922 nxtlvl the Eclecticist (level 16, -12/93 HPs)
             Began as a Deep Elf Monk on Sept 6, 2021.
             Was the Champion of Vehumet.
             Mangled by a nagaraja (14 damage)
             ... on level 4 of the Snake Pit on Sept 7, 2021.
             The game lasted 04:04:55 (13508 turns).

nxtlvl the Eclecticist (Deep Elf Monk)             Turns: 13508, Time: 04:04:55

Health: -12/93     AC: 19    Str: 12    XL:     16   Next: 35%
Magic:  6/47       EV: 20    Int: 29    God:    Vehumet [******]
Gold:   319        SH:  5    Dex: 17    Spells: 5/47 levels left

rFire    . . .     SeeInvis +   b - staff of earth
rCold    . . .     Faith    .   h - +0 buckler {AC+3}
rNeg     . . .     Spirit   .   c - +4 troll leather armour
rPois    +         Reflect  .   g - +1 helmet {Int+3}
rElec    .         Harm     .   d - +1 cloak {Stlth+}
rCorr    .         Rampage  .   f - +2 pair of gloves
Will     +....                  e - +0 pair of boots {Stlth+}
Stlth    ++++......             z - amulet of Life {RegenMP Str+4 Int+3}
HPRegen  1.25/turn              o - ring of Bukimp {MP+9 SInv}
MPRegen  0.55/turn              P - ring of poison resistance

@: about to teleport
A: no striking features
a: Renounce Religion


You were on level 4 of the Snake Pit.
You worshipped Vehumet.
Vehumet was exalted by your worship.
You visited 5 branches of the dungeon, and saw 24 of its levels.
You also visited: Sewer, Ossuary, Gauntlet, Ice Cave and Volcano.

You collected 2252 gold pieces.
You spent 1933 gold pieces at shops.

Inventory:

Hand Weapons
 a - a +2 lajatang of speed
 w - the +7 longbow "Motzacra" {vorpal, Int+3 Dex+4 SInv}
   (You took it off a minotaur in a Gauntlet)

   Any ammunition fired from it inflicts extra damage upon your enemies.
   Int:       It affects your intelligence (+3).
   Dex:       It affects your dexterity (+4).
   SInv:      It lets you see invisible.
Missiles
 q - 422 arrows
 A - 3 boomerangs of dispersal
 V - 4 curare-tipped darts (quivered)
Armour
 c - a +4 troll leather armour (worn)
 d - a +1 cloak of stealth (worn)
 e - a +0 pair of boots of stealth (worn)
 f - a +2 pair of gloves (worn)
 g - a +1 helmet of intelligence (worn)
 h - a +0 buckler of protection (worn)
 i - a +0 robe of resistance
 C - the +1 robe of the Comet {rPois rCorr}
   (You found it in a Gauntlet)

   rPois:     It protects you from poison.
   rCorr:     It protects you from acid and corrosion.
Magical Staves
 b - a staff of earth (weapon)
Jewellery
 k - a ring of protection from cold
 o - the ring of Bukimp (left hand) {MP+9 SInv}
   (You found it in a Gauntlet)

   [ring of see invisible]

   MP:        It affects your magic capacity (+9).
   SInv:      It lets you see invisible.
 p - a +4 ring of protection
 z - the amulet of Life (around neck) {RegenMP Str+4 Int+3}
   (You bought it in a shop on level 2 of the Orcish Mines)

   [amulet of magic regeneration]

   It increases your rate of magic regeneration.
   Str:       It affects your strength (+4).
   Int:       It affects your intelligence (+3).
 K - a ring of flight
 O - a ring of resist corrosion
 P - a ring of poison resistance (right hand)
Wands
 l - a wand of iceblast (6)
 D - a wand of polymorph (24)
 Q - a wand of charming (8)
 T - a wand of mindburst (13)
 U - a wand of paralysis (9)
 W - a wand of digging (4)
 Y - a wand of acid (25)
Scrolls
 j - 3 scrolls of fog
 m - 2 scrolls of blinking
 n - a scroll of immolation
 r - 9 scrolls of teleportation
 s - 4 scrolls of fear
 L - a scroll of summoning
 X - 2 scrolls of vulnerability
Potions
 t - a potion of invisibility
 v - 3 potions of magic
 x - 3 potions of might {unknown}
 y - 9 potions of curing
 E - 2 potions of resistance
 F - a potion of flight
 H - 8 potions of heal wounds
 J - 2 potions of haste
 M - 4 potions of cancellation
 N - 2 potions of mutation {unknown}
 R - 3 potions of attraction {unknown}
 S - a potion of brilliance
 Z - a potion of lignification {unknown}
Miscellaneous
 u - a phantom mirror
 B - a lightning rod (4/4)
 G - a condenser vane (inert)
 I - a piece from Xom's chessboard (15/15)


   Skills:
 - Level 8.0 Fighting
 - Level 8.0 Short Blades
 - Level 6.0 Staves
 + Level 14.8 Dodging
 - Level 2.4 Stealth
 - Level 4.0 Shields
 * Level 16.3 Spellcasting
 * Level 9.8 Conjurations
 - Level 6.0 Fire Magic
 + Level 15.2 Earth Magic
 - Level 8.0 Evocations


You had 5 spell levels left.
You knew the following spells:

 Your Spells              Type           Power      Damage    Failure   Level
c - Sticky Flame          Conj/Fire      62%        2d8       1%          4
p - Magic Dart            Conj           100%       1d8       1%          1
q - Inner Flame           Hex/Fire       41%        N/A       1%          3
v - Searing Ray           Conj           100%       3d7       1%          2
x - Lee's Rapid Deconstr  Erth           53%        3d26*     1%          5
z - Stone Arrow           Conj/Erth      100%       3d13      1%          3
C - Dazzling Flash        Conj/Hex       100%       N/A       1%          3
P - Foxfire               Conj/Fire      100%       2x1d9     1%          1
V - Orb of Destruction    Conj           34%        9d12      11%         7
X - Lehudib's Crystal Sp  Conj/Erth      48%        10d12     24%         8
Z - Bolt of Magma         Conj/Fire/Erth 45%        4d19      1%          5

Your spell library contained the following spells:

 Spells                   Type           Power      Damage    Failure   Level
 Iron Shot                Conj/Erth      48%        9d9       1%          6
 Sandblast                Erth           100%       2d20      0%          1
 Conjure Flame            Conj/Fire      62%        6-21      1%          3
 Ignite Poison            Fire/Tmut/Pois 35%        N/A       1%          3
 Mephitic Cloud           Conj/Pois/Air  42%        N/A       1%          3
 Animate Armour           Summ/Erth      100%       N/A       1%          4
 Fulminant Prism          Conj/Hex       25%        3d14      1%          4
 Lightning Bolt           Conj/Air       25%        1d41      2%          5
 Call Imp                 Summ           23%        N/A       3%          2
 Borgnjor's Vile Clutch   Necr/Erth      40%        N/A       3%          5
 Airstrike                Air            11%        N/A       7%          4
 Passage of Golubria      Tloc           N/A        N/A       24%         4
 Summon Lightning Spire   Summ/Air       23%        N/A       24%         4
 Silence                  Hex/Air        11%        N/A       56%         5
 Shatter                  Erth           53%        3d40*     73%         9
 Dispersal                Tloc           11%        N/A       98%         6
 Storm Form               Tmut/Air       11%        N/A       100%        7
 Disjunction              Tloc           11%        N/A       100%        8
 Maxwell's Capacitive Co  Air            11%        ∞         100%        8


Dungeon Overview and Level Annotations

Branches:
Dungeon (11/15)            Temple (1/1) D:7            Lair (6/6) D:11
  Snake (4/4) Lair:4        Slime (0/5) Lair:5          Orc (2/2) D:9
    Elf (0/3) Orc:2         Sewer (visited)         Ossuary (visited)
  IceCv (visited)         Volcano (visited)         Gauntlet (visited)
  Swamp: Lair:2-4    Shoals: Lair:2-4

Altars:
Ashenzari
Cheibriados
Dithmenos
Elyvilon
Fedhas
Gozag
Hepliaklqana
Kikubaaqudgha
Makhleb
Nemelex Xobeh
Okawaru
Qazlal
Ru
Uskayaw
Vehumet
Wu Jian
Xom
Yredelemnul
Zin
The Shining One
Beogh
Jiyva

Shops:
D:6 :[[(   Orc:2 [*==(   Snake:2 ***

Annotations:
D:9 Joseph, Maurice
D:11 Harold
Lair:5 1 runed translucent door
Snake:4 2 transporters, Kits's ghost, adept MiFi


Message History

You feel your power returning.
You feel a bit more experienced.
A naga comes into view. It is wielding a +0 mace.
The naga moves out of view.
A nagaraja comes into view. It is wielding a +0 whip.
As you read the scroll of teleportation, it crumbles to dust.
You feel strangely unstable.
You feel sick.
The salamander mystic casts a spell at you.
You block the lance of force. The nagaraja spits poison at you.
The splash of poison hits you. You resist.
A naga comes into view. It is wielding a +0 mace.
The naga sharpshooter shouts!
You feel sick.
You are no longer poisoned.
You hear a shout!
The naga mage hits you but does no damage.
The naga mage grabs you. The naga mage constricts you.
The naga mage gestures wildly while chanting.
The naga mage seems to speed up.
The salamander mystic gestures at you while chanting.
The bolt of magma hits you!
The naga sharpshooter unwields a +0 dire flail.
The naga sharpshooter wields a +1 vorpal longbow.
The naga sharpshooter casts a spell.
You block the naga mage's attack. The naga mage constricts you.
You escape the naga mage's grasp.
The salamander mystic hits you with a +0 quarterstaff!
You are engulfed in flames!
* * * LOW HITPOINT WARNING * * *
The naga spits poison at you.
The splash of poison hits you but does no damage.
You resist. The naga mage spits poison at you. The splash of poison misses you.
The splash of poison hits the nagaraja.
The naga sharpshooter gestures wildly while chanting.
The naga sharpshooter magically shoots an arrow.
The arrow hits you!
* * * LOW HITPOINT WARNING * * *
x2 The nagaraja hits you with a +0 club!
You die...

#.N..##). ##..##... ####.N.#
##.N.# ...N# #### ...#
##..##''### ...##..NN.....#
.......@..##...# ....
.......N.....N.NN ....
.........#####..N .....
.........# # .....
..........####### ###### ...N..
#..########..⌠..## ##.....
......##..#...##......).###......
S.........#...#.....)......)..).)
..........#..##....###.......####


You could see a nagaraja, a naga sharpshooter, a salamander mystic, 2 naga magi
and 2 nagas.

Vanquished Creatures
  Vashnia (Snake:4)
  Agnes (Snake:3)
  An orc warlord (Orc:2)
  A minotaur (Gauntlet)
  5 hydras
  5 naga warriors
  A boulder beetle (D:10)
  An ogre mage (Orc:2)
  4 catoblepae
  4 anacondas
  A centaur warrior (D:10)
  10 two-headed ogres
  A death knight (D:10)
  11 death yaks
  2 tengu warriors
  2 orc high priests (Orc:2)
  Sonja (Lair:1)
  7 naga sharpshooters
  6 shock serpents
  2 salamander mystics
  A deep elf pyromancer (D:10)
  4 orc knights
  2 oklob plants (D:11)
  5 orc sorcerers (Orc:2)
  11 salamanders
  A cyclops (D:10)
  2 mana vipers (Snake:4)
  3 manticores
  An ugly thing (IceCv)
  2 slime creatures (Gauntlet)
  9 naga magi
  A molten gargoyle (Lair:4)
  18 black mambas
  A gargoyle (D:11)
  3 guardian serpents
  A torpor snail (Lair:3)
  Maggie (Lair:1)
  7 cane toads
  Psyche (D:11)
  5 rime drakes
  An anaconda simulacrum (IceCv)
  A tengu conjurer (Gauntlet)
  8 komodo dragons
  A merfolk (shapeshifter) (D:10)
  6 trolls
  3 polar bears (Lair:6)
  A dream sheep (Lair:4)
  36 blink frogs
  Prince Ribbit (D:7)
  A wraith (D:10)
  A wyvern (D:9)
  63 yaks
  4 basilisks
  A dire elephant simulacrum (IceCv)
  4 fire bats (Volcano)
  2 steam dragons
  A vampire mosquito (D:10)
  3 wargs
  21 nagas
  6 water moccasins
  Duvessa (D:4)
  An acid dragon (D:10)
  28 orc warriors
  3 black bears
  A sky beast (D:6)
  A boggart (D:10)
  2 necrophages
  9 ogres
  11 centaurs
  15 wolves
  3 phantoms
  2 kobold brigands
  9 bullfrogs
  2 scorpions (D:6)
  Dowan (D:4)
  A wyvern zombie (D:5)
  A cane toad simulacrum (IceCv)
  3 water moccasin zombies
  2 wyvern skeletons (D:7)
  16 killer bees
  2 elephant simulacra (IceCv)
  5 electric eels
  4 howler monkeys
  2 crimson imps (D:5)
  5 bullfrog zombies (Ossuary)
  7 centaur zombies
  3 hounds
  13 orc priests
  A bullfrog skeleton (D:6)
  Crazy Yiuf (D:6)
  4 jellies
  14 mummies (Ossuary)
  Ijyb (D:3)
  19 orc wizards
  An iguana (D:5)
  4 killer bee zombies (Ossuary)
  A hound skeleton (D:4)
  2 howler monkey zombies (Ossuary)
  An adder (D:5)
  A white imp (D:8)
  An ufetubus (D:6)
  An adder skeleton (D:4)
  A worm (D:6)
  4 dart slugs (D:4)
  43 orcs
  4 endoplasms
  2 giant cockroaches
  5 goblins
  2 hobgoblins
  2 jackals
  4 quokkas
  3 ball pythons
  2 bats (D:3)
  4 frilled lizards
  A goblin zombie (D:8)
  11 kobolds
  6 rats
  A rat zombie (D:8)
  A spectral kobold (D:3)
612 creatures vanquished.

Vanquished Creatures (collateral kills)
  4 foxfires
4 creatures vanquished.

Vanquished Creatures (others)
  A crimson imp (D:5)
  144 foxfires
  41 fungi
  24 plants
  10 withered plants
220 creatures vanquished.

Grand Total: 836 creatures vanquished

Notes
Turn   | Place    | Note
-------+----------+-------------------------------------------
     0 | D:1      | nxtlvl the Deep Elf Monk began the quest for the Orb.
     0 | D:1      | Reached XP level 1. HP: 13/13 MP: 3/3
   172 | D:1      | Reached XP level 2. HP: 17/18 MP: 4/4
   517 | D:3      | Reached XP level 3. HP: 20/22 MP: 5/5
   586 | D:3      | Found a faded altar of an unknown god.
   586 | D:3      | Noticed Ijyb
   603 | D:3      | Killed Ijyb
   604 | D:3      | Reached skill level 5 in Short Blades
   604 | D:3      | Reached XP level 4. HP: 15/27 MP: 6/6
   673 | D:3      | Found a snail-covered altar of Cheibriados.
   677 | D:3      | Found an opulent altar of Gozag.
   677 | D:3      | Found an ancient bone altar of Kikubaaqudgha.
   677 | D:3      | Found a glowing silver altar of Zin.
   678 | D:3      | Found a basalt altar of Yredelemnul.
   680 | D:3      | Found a glowing golden altar of the Shining One.
   682 | D:3      | Found an iron altar of Okawaru.
   768 | D:4      | Reached XP level 5. HP: 20/31 MP: 7/7
   840 | D:4      | Noticed a necrophage
   943 | D:5      | Entered Level 5 of the Dungeon
   960 | D:5      | Found a burning altar of Makhleb.
   993 | D:5      | Found the +15 Maxwell's patent armour {-Cast -Tele rElec
                  | Will+ rCorr}
  1069 | D:5      | Noticed a phantom
  1090 | D:5      | Killed a phantom
  1091 | D:5      | Reached XP level 6. HP: 23/36 MP: 8/8
  1201 | D:5      | Learned a level 1 spell: Magic Dart
  1383 | D:5      | Found a shimmering altar of Xom.
  1405 | D:5      | Reached XP level 7. HP: 10/40 MP: 9/9
  1576 | D:4      | Reached skill level 5 in Dodging
  1709 | D:4      | Noticed Duvessa
  1711 | D:4      | Noticed Dowan
  1780 | D:4      | Reached skill level 1 in Conjurations
  1800 | D:4      | Killed Duvessa
  1801 | D:4      | Reached XP level 8. HP: 34/48 MP: 10/10
  1832 | D:4      | Killed Dowan
  1985 | D:6      | Found a sparkling altar of Nemelex Xobeh.
  2020 | D:6      | Found Kismy's Book Emporium.
  2070 | D:6      | Found Selyuk's Armour Shop.
  2078 | D:6      | Bought a +0 buckler for 54 gold pieces
  2103 | D:6      | Found Vuclocoh's Weapon Emporium.
  2118 | D:6      | Bought 3 curare-tipped darts for 23 gold pieces
  2134 | D:6      | Found Cobeolof's Armour Boutique.
  2140 | D:6      | Reached skill level 1 in Shields
  2147 | D:6      | Found a runed translucent door.
  2148 | D:6      | Noticed Crazy Yiuf
  2171 | D:6      | Killed Crazy Yiuf
  2413 | D:6      | Found a glowing drain.
  2441 | Sewer    | Entered a sewer
  2542 | Sewer    | Found a white marble altar of Elyvilon.
  2802 | D:7      | Noticed Prince Ribbit
  2826 | D:7      | Reached XP level 9. HP: 34/53 MP: 11/11
  2873 | D:7      | Found a staircase to the Ecumenical Temple.
  2888 | D:7      | Learned a level 3 spell: Stone Arrow
  2891 | Temple   | Entered the Ecumenical Temple
  2913 | Temple   | Became a worshipper of Vehumet
  2913 | Temple   | Reached * piety under Vehumet
  2913 | Temple   | Offered knowledge of Foxfire by Vehumet.
  2913 | Temple   | Reached ** piety under Vehumet
  2916 | Temple   | Learned a level 1 spell: Foxfire
  3057 | D:7      | Offered knowledge of Static Discharge by Vehumet.
  3072 | D:7      | Reached skill level 1 in Earth Magic
  3101 | D:7      | Killed Prince Ribbit
  3102 | D:7      | Reached skill level 1 in Spellcasting
  3161 | D:8      | Noticed a two-headed ogre
  3278 | D:8      | Reached skill level 5 in Fighting
  3491 | D:8      | Killed a two-headed ogre
  3492 | D:8      | Reached skill level 2 in Spellcasting
  3492 | D:8      | Reached skill level 5 in Conjurations
  3502 | D:8      | Reached skill level 3 in Spellcasting
  3687 | D:8      | Found a sand-covered staircase.
  3708 | Ossuary  | Entered an ossuary
  3822 | Ossuary  | Offered knowledge of Dazzling Flash by Vehumet.
  3823 | Ossuary  | Reached XP level 10. HP: 57/60 MP: 13/16
  3881 | Ossuary  | Reached skill level 5 in Earth Magic
  3884 | Ossuary  | Reached *** piety under Vehumet
  4011 | Ossuary  | Reached skill level 1 in Fire Magic
  4093 | D:8      | Learned a level 3 spell: Dazzling Flash
  4168 | D:8      | Learned a level 5 spell: Bolt of Magma
  4195 | D:8      | Offered knowledge of Inner Flame by Vehumet.
  4482 | D:9      | Noticed Maurice
  4687 | D:9      | Reached skill level 4 in Spellcasting
  4695 | D:9      | Noticed Joseph
  4831 | D:9      | Found a staircase to the Orcish Mines.
  5007 | D:10     | Entered Level 10 of the Dungeon
  5007 | D:10     | Noticed a two-headed ogre
  5016 | D:10     | Killed a two-headed ogre
  5035 | D:10     | Reached skill level 5 in Spellcasting
  5035 | D:10     | Reached skill level 5 in Fire Magic
  5150 | D:10     | Learned a level 3 spell: Inner Flame
  5281 | D:10     | Noticed a two-headed ogre
  5285 | D:10     | Killed a two-headed ogre
  5286 | D:10     | Reached XP level 11. HP: 56/66 MP: 3/21
  5350 | D:10     | Reached **** piety under Vehumet
  5373 | D:10     | Noticed a tengu warrior
  5373 | D:10     | Noticed a centaur warrior
  5384 | D:10     | Killed a centaur warrior
  5385 | D:10     | Reached skill level 6 in Spellcasting
  5407 | D:10     | Noticed a boulder beetle
  5409 | D:10     | Noticed an orc knight
  5410 | D:10     | Killed a tengu warrior
  5430 | D:10     | Noticed a deep elf pyromancer
  5430 | D:10     | Identified the +7 shortbow "Vufo Gupt" {venom, rF+}
  5430 | D:10     | Noticed a death knight
  5525 | D:10     | Identified the +8 arbalest of Stained Guilt {flame, Contam
                  | rF+++ MP+9 SInv}
  5553 | D:10     | Noticed an eight-headed hydra
  5554 | D:10     | Noticed a deep elf pyromancer
  5561 | D:10     | Learned a level 4 spell: Sticky Flame
  5607 | D:10     | Noticed a two-headed ogre
  5628 | D:10     | Killed a two-headed ogre
  5629 | D:10     | Reached skill level 10 in Dodging
  5743 | D:11     | Reached skill level 7 in Spellcasting
  5746 | D:11     | Noticed Harold
  5767 | D:11     | Found a frozen archway.
  5770 | D:11     | Noticed Psyche
  5943 | D:11     | Killed Psyche
  5957 | IceCv    | Entered an ice cave
  5957 | IceCv    | Noticed a white ugly thing
  5980 | IceCv    | Killed a white ugly thing
  5984 | IceCv    | Found a transporter.
  5988 | IceCv    | Noticed a white ugly thing
  6002 | IceCv    | Found a transporter.
  6196 | D:11     | Noticed a two-headed ogre
  6201 | D:11     | Killed a two-headed ogre
  6202 | D:11     | Reached skill level 8 in Spellcasting
  6202 | D:11     | Reached skill level 1 in Evocations
  6286 | D:11     | Offered knowledge of Freezing Cloud by Vehumet.
  6314 | D:11     | Noticed an oklob plant
  6318 | D:11     | Found a staircase to the Lair.
  6318 | D:11     | Noticed an oklob plant
  6324 | D:11     | Killed an oklob plant
  6337 | D:11     | Killed an oklob plant
  6372 | Lair:1   | Entered Level 1 of the Lair of Beasts
  6376 | Lair:1   | Reached XP level 12. HP: 73/73 MP: 22/26
  6379 | Lair:1   | Learned a level 2 spell: Searing Ray
  6591 | Lair:2   | Reached skill level 10 in Earth Magic
  6591 | Lair:2   | Reached skill level 5 in Evocations
  6591 | Lair:2   | Reached XP level 13. HP: 78/78 MP: 27/27
  6758 | Lair:2   | Reached skill level 1 in Staves
  6794 | Lair:2   | Found a basalt altar of Yredelemnul.
  6811 | Lair:1   | Noticed Sonja
  6938 | Lair:2   | Reached skill level 9 in Spellcasting
  7162 | Lair:3   | Reached ***** piety under Vehumet
  7376 | Lair:3   | Offered knowledge of Orb of Destruction by Vehumet.
  7582 | Lair:3   | Learned a level 7 spell: Orb of Destruction
  7932 | Lair:4   | Reached skill level 10 in Spellcasting
  8204 | Lair:4   | Identified a scroll of acquirement
  8205 | Lair:4   | Acquired Lee's Papyrus of the Rocks
  8293 | Lair:4   | Found a staircase to the Snake Pit.
  8355 | Lair:4   | Reached XP level 14. HP: 74/84 MP: 17/30
  8369 | Lair:4   | Learned a level 5 spell: Lee's Rapid Deconstruction
  8404 | Lair:5   | Found a gate leading to a gauntlet.
  8431 | Gauntlet | Entered a Gauntlet
  8431 | Gauntlet | Found a transporter.
  8434 | Gauntlet | Found a transporter.
  8436 | Gauntlet | Found a transporter.
  8450 | Gauntlet | Found a transporter.
  8453 | Gauntlet | Found a transporter.
  8454 | Gauntlet | Noticed a reaper
  8459 | Gauntlet | Found a transporter.
  8475 | Gauntlet | Found a transporter.
  8481 | Gauntlet | Found a transporter.
  8495 | Gauntlet | Found a transporter.
  8502 | Gauntlet | Found a transporter.
  8508 | Gauntlet | Found a transporter.
  8511 | Gauntlet | Found a transporter.
  8530 | Gauntlet | Found the amulet of the Air {Inacc Air Fly rElec RMsl}
  8531 | Gauntlet | Found a runed translucent gate.
  8532 | Gauntlet | Found a transporter.
  8532 | Gauntlet | Found a runed translucent gate.
  8533 | Gauntlet | Found a runed translucent gate.
  8546 | Gauntlet | Found a transporter.
  8601 | Gauntlet | Reached skill level 11 in Spellcasting
  8704 | Gauntlet | Identified the ring of Bukimp {MP+9 SInv}
  8722 | Gauntlet | Identified the +7 longbow "Motzacra" {vorpal, Int+3 Dex+4
                  | SInv}
  8735 | Gauntlet | Identified the +1 robe of the Comet {rPois rCorr}
  8798 | Lair:5   | Found a dark tunnel.
  8833 | Volcano  | Entered a volcano
  9323 | Lair:6   | Entered Level 6 of the Lair of Beasts
  9354 | Lair:5   | Found a runed translucent door.
  9354 | Lair:5   | Found a viscous altar of Jiyva.
  9354 | Lair:5   | Found a staircase to the Slime Pits.
  9354 | Lair:5   | Noticed an azure jelly
  9569 | Lair:6   | Reached skill level 5 in Staves
  9672 | Lair:6   | Offered knowledge of Spellforged Servitor by Vehumet.
  9891 | Lair:6   | Reached skill level 12 in Spellcasting
 10069 | Lair:6   | Identified the +10 eveningstar "Vobig" {drain, Dex+7}
 10337 | Lair:1   | Reached skill level 13 in Spellcasting
 10359 | Lair:1   | Killed Sonja
 10475 | Orc:1    | Entered Level 1 of the Orcish Mines
 10578 | Orc:2    | Entered Level 2 of the Orcish Mines
 10678 | Orc:2    | Reached XP level 15. HP: 77/88 MP: 19/34
 10796 | Orc:2    | Found Gaezog's Jewellery Emporium.
 10809 | Orc:2    | Noticed an orc warlord
 10832 | Orc:2    | Killed an orc warlord
 10917 | Orc:2    | Reached skill level 14 in Spellcasting
 10930 | Orc:2    | Offered knowledge of Iskenderun's Battlesphere by Vehumet.
 10940 | Orc:2    | Learned a level 8 spell: Lehudib's Crystal Spear
 11020 | Orc:2    | Found Sovvod's Antique Armour Shop.
 11027 | Orc:2    | Found a staircase to the Elven Halls.
 11102 | Orc:2    | Found Zoajeky's General Store.
 11111 | Orc:2    | Bought a scroll of blinking for 97 gold pieces
 11111 | Orc:2    | Bought a scroll of identify for 26 gold pieces
 11336 | Orc:2    | Found Dixtulo's Jewellery Emporium.
 11371 | Orc:2    | Found Vehem's Antique Weapon Shoppe.
 11412 | Orc:2    | Bought a +4 ring of protection for 468 gold pieces
 11412 | Orc:2    | Bought the amulet of Life {RegenMP Str+4 Int+3} for 672
                  | gold pieces
 11439 | Orc:2    | Bought a +1 cloak of stealth for 214 gold pieces
 11685 | D:10     | Identified the +1 ring mail of the Rose {Str+3}
 11860 | Lair:1   | Noticed Maggie
 11863 | Lair:1   | Killed Maggie
 12039 | Snake:1  | Entered Level 1 of the Snake Pit
 12176 | Snake:1  | Reached ****** piety under Vehumet
 12218 | Snake:1  | Reached skill level 15 in Spellcasting
 12254 | Snake:2  | Found Evymen's Assorted Antiques.
 12256 | Snake:2  | Found Lomacs's Assorted Antiques.
 12272 | Snake:2  | Found Wioc's Assorted Antiques.
 12287 | Snake:2  | Bought a shiny helmet for 172 gold pieces
 12301 | Snake:2  | Bought a masterwork ring mail for 207 gold pieces
 12301 | Snake:2  | Identified the +0 ring mail of the Minstrel {rElec Str+3
                  | Slay+2} (You bought it in a shop on level 2 of the Snake
                  | Pit)
 12429 | Snake:3  | Noticed Agnes
 12435 | Snake:3  | Killed Agnes
 12485 | Snake:3  | Offered knowledge of Iron Shot by Vehumet.
 12719 | Snake:4  | Entered Level 4 of the Snake Pit
 12948 | Snake:4  | Found a transporter.
 12974 | Snake:4  | Reached XP level 16. HP: 54/93 MP: 36/37
 12999 | Snake:4  | Noticed Kits's ghost (adept MiFi)
 13012 | Snake:4  | Found a transporter.
 13228 | Snake:4  | Reached skill level 15 in Earth Magic
 13249 | Snake:4  | Noticed Vashnia
 13318 | Snake:4  | Killed Vashnia
 13319 | Snake:4  | Reached skill level 16 in Spellcasting
 13508 | Snake:4  | HP: 2/93 [naga sharpshooter/arrow (4)]
 13508 | Snake:4  | Mangled by a nagaraja

Illustrated notes

Levels and vault maps discovered:
D:1:      psy_arrival_wood_between_worlds, layout_basic, hangedman_decor_growths
D:2:      layout_basic, serial_bayou, serial_bayou_lagoon_a,
          serial_bayou_pond_b, serial_bayou_pond_d, serial_bayou_shore_b,
          serial_bayou_pond_d, serial_bayou_shore_a
D:3:      layout_loops_ring, minitemple,
          dreamdust_ecumenical_altar_drowned_temple, uniq_ijyb
D:4:      mumra_celtic_spiral_tile, layout_rooms, minmay_bent, uniq_duvessa
D:5:      layout_basic, mainiacjoe_overflow_six_doors_small, led_xom_imps,
          kennysheep_crisscross, minmay_misc_feat_ornament
D:6:      layout_rooms, mainiacjoe_overflow_catwalk, serial_shops,
          nicolae_shop_statue_plus, nicolae_inconvenience_store, shop_fountains,
          kennysheep_little_box, cheibrodos_sewer_entry_bend,
          uniq_crazy_yiuf_cottage
D:7:      layout_rooms, minmay_temple_entry_nine_rooms, uniq_prince_ribbit1
D:8:      wander_river, layout_basic, enter_ossuary_4, hangedman_minor_gate_pass
D:9:      layout_rooms, david_orc_3, serial_co_window_serial, co_window_paths_a,
          co_window_paths_a, co_window_paths_a, co_window_paths_a,
          co_window_paths_a, co_window_broadway_a, co_window_corner_b,
          co_window_corner_b, co_window_unsneaky_path_b,
          co_window_unsneaky_path_e, co_window_cross_2, co_window_paths_d,
          glass_columns_b, minmay_misc_feat_enclosed, uniq_joseph, uniq_maurice
D:10:     minmay_the_grid_triangle_9x9_rhombus_full
          [minmay_the_grid_triangle_9x9_minimal,
          minmay_the_grid_triangle_9x9_negative_grid,
          minmay_the_grid_triangle_9x9_stretched_checkered,
          minmay_the_grid_triangle_9x9_longest,
          minmay_the_grid_triangle_9x9_zippers_horizontal,
          minmay_the_grid_triangle_9x9_limited_checkers,
          minmay_the_grid_triangle_9x9_swiss_cheese,
          minmay_the_grid_triangle_9x9_prize_schism], layout_cave_pools,
          minmay_fountain_box, lightli_corner_chamber
D:11:     layout_long_grid, dpeg_oklobed_lair, portal_ice_cave_rime,
          uniq_psyche, uniq_harold
Temple:   nicolae_temple_hex_pool
Lair:1:   layout_misc_corridors, nzn_masters_of_martial_movement,
          grunt_megastairs_4, uniq_gastronok, uniq_sonja, uniq_maggie
Lair:2:   layout_cellular_growth, basic_altar, st_stairs_5
Lair:3:   layout_cellular_growth
Lair:4:   layout_gridlike, minmay_swamp_entry_swarm, nzn_random_ring,
          lemuel_fruit_fields
Lair:5:   layout_hall_layers, slime_altar_2, gauntlet_entry_generic,
          enter_volcano_2, infiniplex_staircase_pool
Lair:6:   evilmike_catoblepas_cave, layout_misc_corridors,
          serial_bayou_lagoon_b, serial_bayou_shore_b, serial_bayou_shore_b,
          lemuel_fruit_fields
Snake:1:  layout_onion_interference, special_room, drop_trap, minmay_shop_grove,
          grunt_megastairs_3
Snake:2:  layout_concentric_octagons, minmay_shop_star
Snake:3:  cheibrodos_toxic_ritual, layout_basic, grunt_megastairs_5, uniq_agnes
Snake:4:  johnstein_snake_rune_scales, layout_cave_town,
          gammafunk_ghost_berserking_beasts, nicolae_snake_slithery_corners,
          nrook_guardian_serpent_double, uniq_vashnia, uniq_mara
Orc:1:    layout_caves
Orc:2:    grunt_orc_gardens, layout_diamond_mine, grunt_orc_garden,
          grunt_orc_garden, grunt_orc_garden, grunt_orc_garden, serial_shops,
          nicolae_shop_behind_doors, hangedman_feature_mirror

Skill      XL: |  1  2  3  4  5  6  7  8  9 10 11 12 13 14 15 16 |
---------------+-------------------------------------------------+-----
Short Blades   | 4 5 7 8 |  8.0
Dodging        | 4 5 7 8 9 10 11 12 13 14 | 14.8
Fighting       | 3 4 5 6 7 8 |  8.0
Conjurations   | 1 4 5 6 8 9 |  9.8
Shields        | 3 4 |  4.0
Earth Magic    | 4 5 7 10 12 13 14 15 | 15.2
Spellcasting   | 3 5 8 10 13 15 16 | 16.3
Fire Magic     | 5 6 |  6.0
Evocations     | 2 5 7 8 |  8.0
Staves         | 4 6 |  6.0
Stealth        | |  2.4

Action                   |  1- 3 |  4- 6 |  7- 9 | 10-12 | 13-15 | 16-18 || total
-------------------------+-------+-------+-------+-------+-------+-------++-------
Melee: Short sword       |    87 |   119 |   340 |   135 |     9 |       ||   690
       Hunting sling     |     1 |       |       |       |       |       ||     1
       Staff             |       |       |       |       |    34 |     5 ||    39
 Fire: Hunting sling     |     4 |       |       |       |       |       ||     4
Throw: Javelin           |     1 |       |     5 |       |       |       ||     6
       Dart              |       |       |       |     6 |     1 |       ||     7
 Cast: Magic Dart        |       |       |    28 |    36 |     1 |       ||    65
       Foxfire           |       |       |    18 |    40 |    34 |       ||    92
       Stone Arrow       |       |       |     9 |   109 |   480 |    21 ||   619
       Bolt of Magma     |       |       |       |    31 |    67 |       ||    98
       Lee's Rapid Decon |       |       |       |       |   145 |    54 ||   199
Evoke: Wand              |       |     5 |     9 |     8 |    23 |     3 ||    48
       Lightning rod     |       |       |       |       |     4 |       ||     4
       Phantom mirror    |       |       |       |       |     1 |       ||     1
       Condenser vane    |       |       |       |       |       |     1 ||     1
  Use: Potion            |       |     1 |     1 |     5 |     5 |       ||    12
       Scroll            |       |       |     3 |     9 |    17 |     3 ||    32
 Stab: Sleeping          |     1 |     1 |     6 |     5 |       |       ||    13
       Paralysed         |       |     3 |     5 |       |       |       ||     8
       Distracted        |       |     1 |       |       |       |       ||     1
       Invisible         |       |     1 |     1 |       |       |       ||     2
Armor: Leather armour    |    18 |    28 |    91 |     7 |       |       ||   144
       Robe              |     2 |       |       |       |       |       ||     2
       Steam dragon scal |       |       |       |    49 |    37 |       ||    86
       Troll leather arm |       |       |       |       |    14 |    12 ||    26
Dodge: Dodged            |    44 |    55 |   176 |   128 |   182 |    27 ||   612
Block: Buckler           |       |       |    48 |    55 |    50 |     8 ||   161
